Map: Bone Temple LE

Players

lilpoktanx

  • Race: Terran Terran
  • Spawn Location: 3:00

inincubus

  • Race: Protoss Protoss
  • Spawn Location: 12:00

whatagameman

  • Race: Protoss Protoss
  • Spawn Location: 1:00

Throwfordays

  • Race: Protoss Protoss
  • Spawn Location: 7:00

Cthulhu

  • Race: Terran Terran
  • Spawn Location: 7:00

Faust

  • Race: Zerg Zerg
  • League: Diamond
  • Spawn Location: 6:00

VOD

Have the link to the VOD?

Description

Time

  • Played on: March 22, 2021, 11:57 p.m.
  • Length: 13:09
Show
View Real Time Build Order
Export as new Build Order

lilpoktanx Terran 

Build Orders: Command Center First (CC) 

Get SALT Encoding   

  12  0:00  SCV  
  13  0:12  SCV  
  14  0:18  Supply Depot  
  14  0:24  SCV  
  15  0:40  SCV  
  16  0:52  SCV  
  17  1:04  SCV  
  17  1:05  Command Center  
  18  1:16  SCV  
  19  1:26  Barracks  
  19  1:28  SCV  
  20  1:33  Refinery  
  20  1:40  SCV  
  20  1:45  Refinery  
  21  1:52  SCV  
  22  2:04  SCV  
  23  2:19  Orbital Command  
  23  2:26  Factory  
  23  2:42  Orbital Command  
  23  2:47  SCV  
  23  2:49  Marine  
  25  3:01  SCV  
  25  3:03  Refinery  
  26  3:08  Refinery  
  26  3:14  SCV  
  27  3:36  Starport  
  27  3:38  Starport  
  27  3:39  Starport  
  27  3:45  Marine  
  28  4:03  Marine, Bunker  
  29  4:13  Supply Depot  
  29  4:18  Fusion Core  
  29  4:20  Starport Tech Lab x3  
  29  4:26  Supply Depot  
  29  4:27  SCV x2  
  29  4:28  Supply Depot  
  31  4:39  SCV x2  
  31  4:41  Marine  
  34  4:51  SCV x2  
  36  5:03  SCV  
  36  5:05  SCV  
  38  5:15  SCV  
  38  5:18  SCV  
  40  5:23  Battlecruiser  
  40  5:24  Battlecruiser  
  40  5:27  Battlecruiser  
  58  5:37  Supply Depot  
  58  5:38  Supply Depot  
  58  5:43  Starport  
  58  5:44  SCV  
  58  5:45  SCV  
  60  5:57  SCV x2  
  62  6:06  Supply Depot  
  62  6:14  SCV x2  
  62  6:15  Starport  
  64  6:20  Armory x2  
  64  6:26  SCV x2  
  66  6:40  Viking x3  
  66  6:41  Viking  
  74  6:52  Viking  
  70  7:10  Viking x3  
  70  7:13  Viking  
  74  7:40  Viking x2  
  74  7:43  Viking  
  76  7:46  Starport Reactor  
  76  7:47  Starport Reactor  
  72  8:00  Command Center  
  72  8:02  Command Center  
  72  8:05  Supply Depot  
  72  8:06  Supply Depot  
  72  8:07  Supply Depot, Terran Ship Weapons Level 1  
  72  8:08  Supply Depot  
  72  8:09  Supply Depot, Terran Vehicle And Ship Armor Level 1  
  70  8:32  Viking x3  
  70  8:33  Viking  
  78  8:41  SCV  
  78  8:42  SCV  
  80  8:54  SCV x2  
  82  8:56  Viking  
  84  9:06  SCV x2  
  84  9:09  Supply Depot x2  
  86  9:11  Supply Depot  
  86  9:18  SCV  
  87  9:33  Viking x5, Supply Depot  
  87  9:34  Viking x2, Supply Depot  
  101  9:57  Refinery  
  101  9:59  Refinery  
  101  10:01  Orbital Command  
  101  10:03  SCV x2  
  101  10:06  Orbital Command  
  103  10:08  Refinery  
  103  10:11  Refinery  
  103  10:13  Viking  
  105  10:17  Terran Ship Weapons Level 2  
  105  10:19  Terran Vehicle And Ship Armor Level 2  
  105  10:24  SCV x2  
  105  10:26  SCV  
  108  10:33  SCV  
  109  10:36  Viking, SCV  
  109  10:37  SCV  
  109  10:38  SCV  
  114  10:45  SCV  
  114  10:48  SCV  
  114  10:49  SCV  
  117  10:51  SCV  
  118  10:57  SCV, Starport x2  
  118  10:58  Starport  
  118  11:01  SCV  
  118  11:03  SCV  
  121  11:15  SCV  
  122  11:27  SCV  
  123  11:34  Starport  
  123  11:36  SCV  
  123  11:37  SCV x2  
  123  11:39  SCV  
  127  11:42  Viking  
  127  11:43  Viking x5  
  127  11:44  Viking x4  
  147  11:56  Supply Depot, Command Center  
  147  11:59  Command Center  
  147  12:01  Supply Depot  
  147  12:12  Viking  
Show
View Real Time Build Order
Export as new Build Order

inincubus Protoss 

Build Orders: Cannon Rush, Carriers 

Get SALT Encoding   

  12  0:00  Probe  
  13  0:12  Probe  
  14  0:19  Pylon  
  14  0:24  Probe  
  15  0:38  Forge  
  15  0:40  Probe  
  16  0:52  Probe  
  17  1:02  Pylon  
  17  1:04  Probe  
  17  1:10  Pylon  
  18  1:17  Probe  
  19  1:22  Photon Cannon  
  19  1:29  Probe  
  20  1:42  Photon Cannon  
  20  1:46  Photon Cannon  
  20  1:49  Photon Cannon, Probe  
  21  1:55  Pylon  
  20  2:02  Probe  
  21  2:15  Probe  
  21  2:17  Assimilator  
  21  2:22  Gateway  
  22  2:28  Probe  
  23  2:37  Assimilator  
  23  2:40  Probe  
  24  2:52  Probe  
  25  2:58  Pylon  
  25  3:00  Nexus  
  25  3:04  Probe  
  26  3:10  Cybernetics Core  
  26  3:20  Photon Cannon  
  26  3:31  Photon Cannon  
  26  3:41  Probe  
  27  3:53  Probe  
  28  3:55  Shield Battery  
  28  4:05  Probe  
  29  4:16  Pylon  
  29  4:17  Probe  
  29  4:19  Protoss Air Weapons Level 1 (Chrono Boost), Stargate  
  29  4:23  Probe  
  31  4:27  Assimilator  
  31  4:29  Probe  
  32  4:33  Assimilator  
  32  4:35  Probe  
  33  4:41  Probe  
  33  4:45  Stargate  
  34  4:49  Stargate  
  34  4:53  Pylon, Probe  
  34  4:57  Probe  
  36  5:00  Pylon  
  36  5:01  Void Ray  
  36  5:05  Probe  
  37  5:09  Probe  
  42  5:17  Probe  
  44  5:21  Probe  
  44  5:22  Void Ray  
  48  5:30  Probe  
  48  5:31  Void Ray  
  48  5:33  Probe  
  50  5:42  Probe  
  55  5:45  Void Ray, Probe  
  60  6:03  Nexus  
  60  6:06  Pylon  
  60  6:08  Pylon  
  60  6:16  Protoss Air Armor Level 1  
  60  6:18  Probe x2  
  62  6:25  Shield Battery  
  62  6:30  Probe x2  
  62  6:31  Photon Cannon  
  64  6:35  Photon Cannon  
  53  6:42  Probe  
  51  6:57  Probe  
  51  6:58  Probe  
  49  7:05  Void Ray  
  49  7:09  Probe (Chrono Boost)  
  49  7:10  Probe (Chrono Boost)  
  55  7:20  Probe (Chrono Boost)  
  55  7:21  Probe (Chrono Boost)  
  58  7:26  Void Ray  
  58  7:28  Probe (Chrono Boost)  
  60  7:30  Probe (Chrono Boost)  
  60  7:31  Probe (Chrono Boost)  
  60  7:33  Void Ray  
  60  7:34  Probe (Chrono Boost)  
  60  7:36  Probe  
  65  7:40  Probe  
  71  7:46  Probe  
  71  7:48  Probe  
  73  7:52  Probe  
  74  7:58  Probe  
  74  8:00  Void Ray, Probe  
  74  8:01  Nexus  
  74  8:04  Pylon, Probe  
  77  8:07  Pylon  
  77  8:10  Probe  
  82  8:13  Void Ray  
  82  8:15  Fleet Beacon  
  86  8:26  Photon Cannon  
  86  8:30  Photon Cannon  
  86  8:31  Shield Battery  
  86  8:32  Probe  
  86  8:33  Probe x2  
  89  8:35  Photon Cannon  
  89  8:38  Assimilator  
  89  8:42  Assimilator, Void Ray  
  89  8:43  Void Ray  
  89  8:45  Probe  
  98  9:18  Probe x4  
  98  9:22  Assimilator  
  98  9:24  Protoss Air Weapons Level 2 (Chrono Boost), Stargate  
  102  9:27  Assimilator  
  102  9:30  Probe x4  
  106  9:36  Flux Vanes  
  106  9:42  Probe x4  
  110  9:54  Probe x2  
  110  9:55  Void Ray x2, Probe x2  
  110  9:56  Void Ray  
  114  10:06  Probe  
  114  10:07  Probe x3  
  130  10:10  Stargate  
  130  10:14  Pylon  
  130  10:18  Probe  
  130  10:19  Probe  
  132  10:27  Nexus  
  132  10:30  Pylon  
  132  10:32  Pylon, Probe x4  
  136  10:36  Assimilator  
  136  10:40  Assimilator  
  136  10:42  Pylon  
  136  10:44  Probe x2  
  136  10:48  Probe x2  
  140  10:56  Pylon, Probe x2  
  142  10:58  Pylon  
  142  11:00  Probe x2  
  144  11:08  Probe x2  
  144  11:10  Carrier x3 (Chrono Boost)  
  164  11:13  Void Ray (Chrono Boost)  
  164  11:14  Carrier (Chrono Boost)  
  174  11:27  Photon Cannon  
  174  11:28  Photon Cannon  
  174  11:31  Shield Battery  
  174  11:35  Photon Cannon  
  174  11:37  Photon Cannon  
  174  11:49  Pylon  
  174  11:54  Carrier (Chrono Boost)  
  180  12:03  Pylon  
  180  12:05  Carrier x2 (Chrono Boost)  
  180  12:06  Pylon, Carrier (Chrono Boost)  
  198  12:25  Photon Cannon  
  198  12:27  Photon Cannon  
  198  12:29  Photon Cannon  
  198  12:30  Photon Cannon  
  198  12:32  Photon Cannon  
  198  12:35  Photon Cannon  
  198  12:38  Photon Cannon  
  198  12:41  Shield Battery  
  198  12:42  Shield Battery  
Show
View Real Time Build Order
Export as new Build Order

whatagameman Protoss 

Build Orders: Dark Templar Rush 

Get SALT Encoding   

  12  0:00  Probe  
  13  0:12  Probe  
  14  0:23  Pylon  
  14  0:24  Probe  
  16  0:43  Probe (Chrono Boost)  
  16  0:49  Gateway, Probe (Chrono Boost)  
  17  0:58  Probe  
  18  1:10  Probe (Chrono Boost)  
  19  1:12  Assimilator  
  19  1:17  Pylon  
  19  1:22  Probe (Chrono Boost)  
  20  1:29  Assimilator, Probe (Chrono Boost)  
  21  1:37  Cybernetics Core  
  21  1:38  Forge  
  21  1:42  Pylon  
  21  1:43  Probe  
  22  1:55  Probe  
  23  2:07  Probe  
  24  2:10  Pylon  
  24  2:14  Warp Gate  
  24  2:20  Twilight Council  
  24  2:27  Pylon  
  24  2:35  Robotics Facility  
  24  2:42  Gateway  
  24  2:53  Photon Cannon  
  24  3:05  Gateway  
  24  3:16  Dark Shrine  
  24  3:27  Pylon  
  24  3:33  Warp Prism  
  26  3:53  Probe  
  27  4:04  Pylon  
  27  4:08  Pylon  
  27  4:22  Probe  
  28  4:36  Dark Templar x2  
  32  4:38  Nexus  
  32  4:49  Dark Templar  
  31  5:13  Dark Templar x2  
  33  5:26  Dark Templar  
  35  5:30  Probe  
  36  5:42  Probe  
  37  5:47  Zealot  
  37  5:48  Zealot  
  41  5:54  Probe  
  42  5:59  Dark Templar  
  42  6:06  Probe  
  42  6:08  Probe  
  42  6:18  Probe  
  42  6:20  Dark Templar, Zealot, Probe  
  46  6:31  Probe  
  46  6:32  Probe  
  48  6:40  Assimilator  
  48  6:42  Assimilator, Stalker  
  48  6:43  Probe  
  48  6:44  Probe  
  48  6:46  Pylon  
  52  6:55  Probe  
  52  6:56  Probe  
  52  7:00  Stalker  
  52  7:01  Stalker  
  56  7:07  Probe  
  53  7:08  Probe  
  54  7:19  Probe  
  54  7:20  Pylon, Probe  
  54  7:23  Robotics Bay  
  54  7:31  Probe  
  54  7:32  Probe  
  56  7:43  Probe  
  57  7:45  Dark Templar x2, Probe  
  57  7:47  Dark Templar  
  60  7:55  Probe  
  60  7:57  Probe  
  52  8:27  Extended Thermal Lance  
  48  8:30  Colossus  
  54  8:36  Probe x2  
  56  8:48  Dark Templar x3, Probe x2  
  64  8:56  Pylon  
  64  8:58  Nexus  
  64  9:00  Probe x2  
  64  9:02  Pylon  
  66  9:04  Assimilator  
  66  9:09  Assimilator  
  66  9:11  Pylon  
  66  9:12  Probe x2  
  66  9:16  Photon Cannon x2  
  68  9:18  Photon Cannon  
  68  9:20  Pylon  
  68  9:23  Shield Battery, Photon Cannon  
  68  9:24  Probe x2  
  70  9:36  Colossus, Probe x2  
  78  9:48  Probe x2  
  80  10:00  Probe x2  
  82  10:12  Probe  
  83  10:25  Robotics Facility, Probe  
  83  10:26  Robotics Facility  
  84  10:29  Colossus  
  90  11:04  Nexus  
  90  11:06  Pylon  
  90  11:08  Pylon  
  90  11:09  Pylon  
  90  11:11  Pylon  
  90  11:15  Assimilator  
  90  11:19  Assimilator, Probe x3  
  90  11:23  Colossus (Chrono Boost)  
  90  11:24  Pylon  
  99  11:26  Shield Battery, Photon Cannon  
  99  11:31  Photon Cannon, Probe x3  
  102  11:35  Shield Battery  
  102  11:38  Photon Cannon  
  102  11:40  Photon Cannon  
  102  11:42  Photon Cannon  
  102  11:43  Photon Cannon, Probe x3  
  102  11:45  Photon Cannon  
  103  11:54  Colossus x2 (Chrono Boost), Photon Cannon  
  101  11:55  Probe x3  
  101  11:57  Pylon  
  101  12:00  Pylon  
  116  12:07  Probe  
  116  12:08  Probe  
  118  12:12  Photon Cannon  
  118  12:13  Photon Cannon  
  118  12:16  Photon Cannon  
  118  12:17  Pylon  
  118  12:19  Pylon x2  
  120  12:24  Pylon  
  120  12:25  Probe (Chrono Boost)  
  120  12:26  Probe (Chrono Boost)  
  124  12:33  Probe (Chrono Boost)  
  124  12:35  Probe x3 (Chrono Boost)  
  128  12:44  Pylon, Probe  
  125  12:47  Probe  
Show
View Real Time Build Order
Export as new Build Order

Throwfordays Protoss 

Build Orders: 1 Gate Expand 

Get SALT Encoding   

  12  0:00  Probe  
  13  0:12  Probe  
  14  0:19  Pylon  
  14  0:25  Probe  
  15  0:37  Probe  
  15  0:40  Gateway  
  16  0:49  Probe  
  17  0:51  Assimilator  
  17  1:01  Probe  
  18  1:13  Probe  
  19  1:25  Nexus, Probe  
  20  1:43  Forge  
  20  1:48  Cybernetics Core  
  20  1:53  Assimilator  
  20  2:01  Pylon  
  20  2:19  Probe  
  20  2:20  Pylon  
  21  2:25  Stargate  
  21  2:31  Probe  
  22  2:38  Photon Cannon  
  22  2:43  Photon Cannon, Probe  
  23  2:47  Photon Cannon  
  23  3:05  Stargate  
  23  3:21  Void Ray (Chrono Boost)  
  27  3:50  Warp Gate  
  27  3:58  Void Ray (Chrono Boost)  
  31  4:18  Void Ray (Chrono Boost)  
  35  4:43  Void Ray (Chrono Boost)  
  38  5:14  Photon Cannon  
  38  5:55  Pylon  
  38  6:07  Void Ray x2  
  38  6:08  Pylon  
  46  6:27  Nexus  
  46  6:28  Pylon  
  46  6:31  Pylon  
  46  6:38  Probe  
  47  6:49  Photon Cannon  
  47  6:53  Photon Cannon  
  47  7:16  Fleet Beacon  
  47  7:19  Shield Battery  
  47  7:21  Shield Battery  
  47  7:23  Photon Cannon  
  47  7:25  Photon Cannon, Probe  
  47  7:28  Assimilator  
  48  7:32  Assimilator  
  48  7:37  Probe  
  49  7:44  Void Ray x2  
  49  7:49  Probe  
  58  7:55  Probe  
  59  8:01  Probe  
  59  8:02  Flux Vanes  
  60  8:06  Protoss Air Weapons Level 1  
  60  8:07  Probe  
  61  8:13  Probe  
  61  8:18  Robotics Facility  
  61  8:19  Probe  
  63  8:21  Photon Cannon x2  
  63  8:25  Probe  
  64  8:31  Probe  
  65  8:37  Probe  
  66  8:44  Probe  
  67  8:56  Probe  
  67  8:57  Void Ray x2  
  68  9:07  Observer  
  68  9:08  Probe  
  78  9:20  Probe  
  79  9:36  Probe  
  80  10:00  Void Ray  
  80  10:05  Nexus  
  84  10:07  Assimilator  
  84  10:10  Pylon  
  84  10:12  Assimilator  
  83  10:22  Void Ray  
  83  10:25  Observer  
  88  10:32  Pylon  
  88  10:41  Void Ray  
  88  10:47  Observer  
  93  10:57  Probe  
  93  11:01  Pylon  
  94  11:05  Assimilator  
  94  11:10  Probe  
  95  11:19  Nexus  
  95  11:22  Pylon, Void Ray, Probe  
  96  11:26  Pylon  
  96  11:28  Assimilator  
  96  11:32  Probe  
  101  11:34  Void Ray, Probe  
  102  11:44  Probe  
  102  11:46  Probe  
  108  11:48  Pylon  
  108  11:53  Photon Cannon  
  108  11:56  Photon Cannon, Probe  
  108  11:58  Probe  
  110  12:06  Observer  
  110  12:07  Void Ray  
  110  12:08  Pylon, Probe  
  112  12:10  Pylon, Probe  
  112  12:12  Pylon  
  112  12:13  Pylon  
  117  12:15  Pylon  
  117  12:16  Photon Cannon  
  117  12:20  Probe  
  118  12:26  Probe  
  118  12:27  Observer  
  120  12:30  Photon Cannon  
  120  12:32  Probe  
Show
View Real Time Build Order
Export as new Build Order

Cthulhu Terran 

Build Orders:  

Get SALT Encoding   

  12  0:01  SCV  
  13  0:13  SCV  
  14  0:19  Supply Depot  
  14  0:25  SCV  
  15  0:40  SCV  
  15  0:42  Barracks  
  16  0:47  Refinery  
  16  0:52  SCV  
  17  0:57  Refinery  
  17  1:05  SCV  
  18  1:17  SCV  
  19  1:29  SCV  
  20  1:33  Supply Depot  
  20  1:37  Marine  
  21  1:52  Factory  
  21  2:11  Marine  
  22  2:20  Orbital Command  
  21  2:38  Starport  
  21  2:39  Factory Reactor  
  21  2:41  Starport  
  21  2:44  Marine  
  22  3:11  Marine, SCV  
  24  3:21  Starport Reactor  
  24  3:24  Armory  
  24  3:25  Factory Tech Lab  
  24  3:26  Viking x2  
  28  3:34  Supply Depot  
  28  3:35  SCV  
  29  3:55  Siege Tank  
  32  3:58  Supply Depot  
  32  4:14  Marine, SCV  
  34  4:26  Viking  
  36  4:51  Viking x2  
  37  5:21  SCV  
  37  5:27  Engineering Bay  
  38  5:46  Terran Ship Weapons Level 1  
  38  5:48  Viking x3  
  44  5:57  Missile Turret  
  38  7:10  Viking x3  
  38  7:11  Viking  
  42  7:32  Refinery  
  42  7:33  Command Center  
  42  7:34  SCV  
  42  7:35  Marine  
  44  7:40  Widow Mine  
  46  7:47  Viking  
  45  8:15  Missile Turret  
  45  8:16  Missile Turret  
  45  8:19  Missile Turret  
  43  8:43  Missile Turret  
  43  8:44  Missile Turret  
  43  8:45  SCV, Orbital Command  
  43  8:46  Viking  
  46  9:00  SCV  
  46  9:02  Viking  
  49  9:30  Refinery  
  49  9:38  Missile Turret  
  43  10:08  SCV x2  
  43  10:12  Liberator  
  46  10:30  Raven, Widow Mine  
  50  10:50  Bunker  
  50  11:13  Viking x2, Raven  
  50  11:14  Widow Mine  
  58  11:36  Widow Mine  
  60  11:48  SCV x2  
  60  11:49  Liberator  
  60  11:50  Liberator  
Show
View Real Time Build Order
Export as new Build Order

Faust Zerg 

Build Orders: Hatch First 

Get SALT Encoding   

  12  0:00  Drone  
  13  0:08  Drone  
  14  0:14  Extractor  
  14  0:15  Drone  
  14  0:22  Extractor, Drone  
  14  0:28  Overlord  
  16  0:49  Drone x2  
  18  0:59  Hatchery  
  17  1:12  Spawning Pool  
  17  1:15  Drone  
  17  1:42  Drone, Hatchery  
  17  1:43  Drone  
  18  1:50  Drone  
  19  2:13  Spine Crawler  
  19  2:14  Drone  
  21  2:24  Spine Crawler  
  20  2:36  Drone  
  20  2:37  Extractor  
  20  2:39  Extractor, Drone  
  20  2:40  Queen  
  20  2:46  Drone  
  20  2:47  Drone  
  21  3:12  Overlord  
  21  3:14  Queen  
  23  3:23  Drone x2  
  25  3:28  Drone x3  
  25  3:34  Roach Warren  
  27  3:37  Drone  
  28  3:44  Overlord  
  28  3:52  Hatchery  
  27  4:04  Overlord  
  27  4:11  Drone x6  
  33  4:18  Roach  
  35  4:24  Roach  
  35  4:25  Roach  
  39  4:35  Queen  
  39  4:37  Drone  
  42  4:58  Spore Crawler  
  39  5:12  Roach x3  
  45  5:17  Drone x3  
  45  5:19  Drone x2  
  50  5:29  Spore Crawler  
  49  5:40  Lair  
  49  5:43  Spine Crawler  
  36  6:14  Roach  
  36  6:15  Overlord x2, Roach x3  
  36  6:16  Spore Crawler  
  43  6:23  Ravager  
  44  6:28  Overlord x2  
  44  6:29  Overlord  
  44  6:40  Overseer  
  11  7:08  Ravager  
  11  7:09  Drone x7  
  11  7:10  Queen  
  20  7:21  Drone  
  20  7:49  Drone x2  
  22  8:04  Drone x2  
  24  8:07  Spire  
  23  8:31  Drone x4  
  28  8:41  Drone  
  28  8:42  Hatchery  
  27  9:01  Drone x2  
  29  9:09  Drone  
  30  9:10  Spore Crawler  
  29  9:19  Drone  
  29  9:20  Zerg Flyer Weapons Level 1  
  27  9:50  Drone x2  
  27  9:51  Drone  
  30  9:52  Overlord  
  30  9:53  Overlord  
  30  10:01  Drone x2  
  32  10:22  Extractor, Drone x3  
  32  10:24  Extractor, Drone  
  32  10:26  Drone x2  
  36  10:33  Drone x3  
  39  10:54  Queen  
  39  10:56  Drone  
  42  11:00  Mutalisk x2  
  42  11:01  Hatchery, Mutalisk x3  
  51  11:05  Drone  
  53  11:16  Overseer  
  53  11:24  Overlord x2  
  53  11:34  Hatchery  
  53  11:37  Pneumatized Carapace  
  52  11:44  Drone x2  
  52  11:45  Drone x4  
  52  11:46  Drone  
  59  12:13  Drone  
  59  12:14  Drone x8  
  68  12:32  Extractor  
  68  12:34  Extractor  
Tags
 
Add a new tag
Caveats
  • Supply blocks, unpowered buildings, or Contaminate may cause inaccurate times.
  • Supply counts are checked every 10 seconds.